 Dungeon Crawl Stone Soup version 0.16-a0-715-g16937c4 (webtiles) character file.

9293 Gorice the Spear-Bearer (level 11, -14/71 HPs)
             Began as a Demonspawn Wanderer on Sept 21, 2014.
             Was a Follower of Ru.
             Demolished by a red ugly thing (23 damage)
             ... on Level 11 of the Dungeon.
             The game lasted 02:14:27 (13633 turns).

Gorice the Spear-Bearer (Demonspawn Wanderer)      Turns: 13633, Time: 02:14:27

HP -14/71        AC 24     Str 19      XL: 11   Next: 21%
MP  11/11        EV 10     Int 12      God: Ru [*.....]
Gold 526         SH  0     Dex 11      Spells:  0 memorised, 10 levels left

rFire  . . .     SeeInvis .     a - +2 halberd (freeze)
rCold  + . .     Clarity  .     L - +0 plate armour (curse)
rNeg   . . .     rCorr    .     (no shield)
rPois  .         rRot     .     (no helmet)
rElec  .         Spirit   .     H - +2 cloak
SustAb .         Warding  .     E - +1 pair of gloves
rMut   .         Stasis   .     v - +0 pair of boots
Gourm  .                        k - amulet of rage
MR     .....                    D - +5 ring of evasion
                                g - +2 ring of slaying

@: not resistant to hostile enchantments, extremely unstealthy
A: claws 2, icy blue scales 2, cold resistance 1, frail 1, powered by pain 1
a: Renounce Religion, Evoke Berserk Rage


You were on level 11 of the Dungeon.
You worshipped Ru.
Ru was aware of your devotion.
You were not hungry.

You visited 2 branches of the dungeon, and saw 12 of its levels.

You collected 526 gold pieces.

Inventory:

Hand weapons
 a - a +2 halberd of freezing (weapon)
 b - a +0 hunting sling of flaming
 t - a +0 trident
 B - a +4 blowgun
Missiles
 c - 2 curare-tipped needles
 e - 6 tomahawks (quivered)
 r - 37 poisoned needles
 J - 40 sling bullets
 Y - a throwing net
 Z - 116 stones
Armour
 v - a +0 pair of boots (worn)
 E - a +1 pair of gloves (worn)
 H - a +2 cloak (worn)
 L - a cursed +0 plate armour (worn)
Magical devices
 o - a wand of digging (11)
 p - a wand of enslavement (8)
 C - a wand of random effects (2)
 O - a wand of draining (4)
Comestibles
 d - a meat ration
 f - 12 bread rations
 n - 8 fruits
 S - 6 royal jellies
 V - 4 rotting chunks of sheep flesh
 W - 3 chunks of crocodile flesh
Scrolls
 q - a scroll of fog
 w - 8 scrolls of teleportation
 y - 2 scrolls of amnesia
 G - 6 scrolls of remove curse
 P - a scroll of blinking
Jewellery
 g - a +2 ring of slaying (left hand)
 j - an uncursed ring of positive energy
 k - an amulet of rage (around neck)
 u - a cursed amulet of the gourmand
 x - an uncursed ring of positive energy
 D - a +5 ring of evasion (right hand)
 I - an uncursed ring of protection from cold
Potions
 h - a potion of resistance {unknown}
 i - 2 potions of agility
 l - 2 potions of magic
 s - 3 potions of might
 z - 3 potions of curing
 A - a potion of mutation {unknown}
 F - 3 potions of restore abilities {unknown}
 N - a potion of berserk rage
 R - a potion of invisibility
 T - a potion of porridge
 U - a potion of haste {unknown}
Books
 K - a book of Control

   Spells                             Type                      Level
   Control Teleport                   Charms/Translocation         4
   Control Undead                     Necromancy                   4
   Enslavement                        Hexes                        4
   Metabolic Englaciation             Hexes/Ice                    5
   Mass Confusion                     Hexes                        6
 Q - a book of Flames

   Spells                             Type                      Level
   Flame Tongue                       Conjuration/Fire             1
   Throw Flame                        Conjuration/Fire             2
   Conjure Flame                      Conjuration/Fire             3
   Inner Flame                        Hexes/Fire                   3
   Sticky Flame                       Conjuration/Fire             4
   Fireball                           Conjuration/Fire             5
Miscellaneous
 m - a lantern of shadows


   Skills:
 - Level 5.0 Fighting
 * Level 12.8 Polearms
 - Level 1.0 Throwing
 + Level 9.7 Armour
   Level 1.0 Shields


You had 10 spell levels left.
You didn't know any spells.

Dungeon Overview and Level Annotations

Branches:
Dungeon (11/15)            Temple (1/1) D:5             Orc (0/4) D:10
   Lair (0/8) D:11

Altars:
Ashenzari
Cheibriados
Dithmenos
Elyvilon
Fedhas
Gozag
Kikubaaqudgha
Makhleb
Nemelex Xobeh
Okawaru
Qazlal
Ru
Sif Muna
Trog
Vehumet
Xom
Yredelemnul
Zin
The Shining One
Beogh

Shops:
D:11 ?

Portals:
Labyrinth: D:11
Trove: D:11 (give wand of hasting (8))


Innate Abilities, Weirdness & Mutations

You have very sharp fingernails.
You are mostly covered in icy blue scales (AC +3, EV -1).
Your flesh is cold resistant.
You are frail (-10% HP).
You sometimes gain a little power by taking damage.


Message History

The green rat completely misses you.
You puncture the red ugly thing! You freeze the red ugly thing.
The red ugly thing is heavily wounded.
You hear the frantic ticking of a clock.
The red ugly thing punches you but does no damage.
The green rat bites you.
You hit the red ugly thing. You freeze the red ugly thing.
The red ugly thing is severely wounded.
The red ugly thing punches you.
You are engulfed in flames!!
* * * LOW HITPOINT WARNING * * *
The green rat bites you but does no damage.
Your plate armour prevents you from hitting the red ugly thing.
The red ugly thing is severely wounded.
The red ugly thing closely misses you. The green rat barely misses you.
Your plate armour prevents you from hitting the red ugly thing.
The red ugly thing is severely wounded.
The red ugly thing punches you!
* * * LOW HITPOINT WARNING * * *
You are engulfed in flames!!
You die...

####.............#
#.########
#..##...P....## #.#
#..########### #.# #..#
#..# #..#
#..##################
####...........r.........
...............u@........
###################......
###


You could see a red ugly thing and a green rat.

Vanquished Creatures
  An ugly thing (D:10)
  Maurice (D:8)
  A two-headed ogre (D:9)
  2 basilisks
  5 hippogriffs
  2 hungry ghosts
  2 hill giant skeletons
  Edmund (D:6)
  2 soldier ants (D:9)
  A porcupine (D:11)
  6 orc warriors
  4 sky beasts
  3 ice beasts
  A spider (D:9)
  4 phantoms
  A necrophage (D:9)
  4 crocodiles
  5 ogres
  7 centaurs
  A gnoll sergeant (D:6)
  2 big kobolds
  Blork the orc (D:4)
  5 giant frogs
  4 scorpions
  3 killer bees (D:9)
  5 wights (D:9)
  A troll zombie (D:9)
  A yak skeleton (D:10)
  A giant frog zombie (D:6)
  2 crimson imps
  3 goliath beetles
  3 jellies
  2 gnoll shamans (D:4)
  4 orc priests
  7 hounds
  9 orc wizards
  A two-headed ogre zombie (D:9)
  2 iguanas
  2 giant frog skeletons
  2 worker ants
  9 sheep
  A big kobold skeleton (D:6)
  2 mummies
  48 gnolls
  3 green rats
  8 adders
  A shadow imp (D:11)
  2 giant mites (D:4)
  6 worms
  2 oozes
  33 orcs
  A ball python (D:3)
  8 giant cockroaches
  8 hobgoblins
  17 jackals
  5 quokkas
  19 bats
  10 giant geckos
  A giant gecko skeleton (D:5)
  9 giant newts
  13 goblins
  A hobgoblin zombie (D:9)
  15 kobolds
  An orc skeleton (D:9)
  24 rats
  A rat skeleton (D:7)
  A rat zombie (D:6)
  2 ballistomycetes (D:7)
365 creatures vanquished.

Vanquished Creatures (others)
  A giant spore (D:7)
1 creature vanquished.

Grand Total: 366 creatures vanquished

Notes
Turn   | Place    | Note
--------------------------------------------------------------
     0 | D:1      | Gorice, the Demonspawn Wanderer, began the quest for the Orb.
     0 | D:1      | Reached XP level 1. HP: 21/21 MP: 1/1
     0 | D:1      | S14,I12,D11; +2blowgun,spear,ring mail
     0 | D:1      | 4 curare; Fight 5,Throw 1,Armour 2.6, Shields 1
   266 | D:1      | Reached skill level 1 in Polearms
   360 | D:1      | Gained mutation: Your flesh is cold resistant. [demonic ancestry]
   360 | D:1      | Reached XP level 2. HP: 23/27 MP: 2/2
   886 | D:2      | Reached XP level 3. HP: 33/33 MP: 3/3
  1144 | D:2      | Found a glowing silver altar of Zin.
  1872 | D:3      | Found a bloodstained altar of Trog.
  1879 | D:3      | Reached XP level 4. HP: 33/39 MP: 4/4
  2526 | D:3      | Found a basalt altar of Yredelemnul.
  2611 | D:4      | Noticed Blork the orc
  2964 | D:4      | Noticed a centaur
  2993 | D:4      | Killed a centaur
  2993 | D:4      | Gained mutation: You have sharp fingernails. [demonic ancestry]
  2993 | D:4      | Reached XP level 5. HP: 4/44 MP: 5/5
  3258 | D:4      | Killed Blork the orc
  3452 | D:4      | Got a fine leather armour
  3477 | D:3      | Reached XP level 6. HP: 51/51 MP: 6/6
  3499 | D:3      | Identified the +1 leather armour of Nuittux {rC+ Int+2} (You found it on level 4 of the Dungeon)
  3665 | D:4      | Found a white marble altar of Elyvilon.
  3669 | D:4      | Found a shimmering altar of Xom.
  3670 | D:4      | Found a deep blue altar of Sif Muna.
  4122 | D:4      | Got a dazzling long sword
  4600 | D:4      | Reached skill level 5 in Polearms
  4696 | D:4      | Gained mutation: You have very sharp fingernails. [demonic ancestry]
  4696 | D:4      | Reached XP level 7. HP: 48/56 MP: 7/7
  4723 | D:4      | Noticed an ogre
  4762 | D:4      | Killed an ogre
  4762 | D:4      | Reached skill level 5 in Armour
  4819 | D:4      | Reached skill level 6 in Polearms
  5096 | D:5      | Entered Level 5 of the Dungeon
  5585 | D:5      | Found a staircase to the Ecumenical Temple.
  5610 | D:5      | Gained mutation: You are partially covered in icy blue scales (AC +1). [demonic ancestry]
  5610 | D:5      | Reached XP level 8. HP: 32/62 MP: 8/8
  5641 | Temple   | Entered the Ecumenical Temple
  5754 | Temple   | Became a worshipper of Ru the Awakened
  5904 | D:5      | Reached skill level 7 in Polearms
  7160 | D:6      | Reached skill level 8 in Polearms
  7435 | D:6      | Found an iron altar of Okawaru.
  7435 | D:6      | Found a bloodstained altar of Trog.
  7638 | D:6      | Gained mutation: You sometimes gain a little power by taking damage. [demonic ancestry]
  7638 | D:6      | Reached XP level 9. HP: 18/68 MP: 9/9
  7736 | D:6      | Noticed Edmund
  7889 | D:6      | Killed Edmund
  7889 | D:6      | Reached skill level 9 in Polearms
  8446 | Temple   | Identified the +10 long sword of Qutos {freeze, rC+ Dex-1} (You found it on level 4 of the Dungeon)
  9172 | D:7      | Reached skill level 10 in Polearms
  9423 | D:8      | Found an ancient bone altar of Kikubaaqudgha.
  9719 | D:8      | Noticed Maurice
 10064 | D:8      | Killed Maurice
 10064 | D:8      | Reached XP level 10. HP: 42/74 MP: 10/10
 10391 | D:9      | Reached skill level 11 in Polearms
 11774 | D:10     | Entered Level 10 of the Dungeon
 11793 | D:10     | Noticed a green ugly thing
 11801 | D:10     | Killed a green ugly thing
 11801 | D:10     | Reached skill level 12 in Polearms
 12064 | D:10     | Gained mutation: You are frail (-10% HP). [Ru sacrifice]
 12064 | D:10     | Acquired Ru's first power
 12209 | D:10     | Found a staircase to the Orcish Mines.
 12223 | D:10     | Found a roughly hewn altar of Beogh.
 12620 | D:10     | Gained mutation: You are mostly covered in icy blue scales (AC +3, EV -1). [demonic ancestry]
 12620 | D:10     | Reached XP level 11. HP: 33/71 MP: 11/11
 13131 | D:11     | Found Iwog's Magic Scroll Boutique.
 13142 | D:11     | Found a portal to a secret trove of treasure.
 13494 | D:11     | Found a staircase to the Lair.
 13620 | D:11     | Found a labyrinth entrance.
 13633 | D:11     | Demolished by a red ugly thing

Action                   |  1- 3 |  4- 6 |  7- 9 | 10-12 || total
-------------------------+-------+-------+-------+-------++-------
Melee: Spear             |   159 |   195 |       |       ||   354
       Halberd           |       |    65 |   429 |   410 ||   904
 Fire: Blowgun           |     6 |    17 |    39 |    20 ||    82
       Hunting sling     |       |    36 |   134 |    80 ||   250
Throw: Stone             |    30 |    17 |     1 |       ||    48
       Throwing net      |       |       |     7 |     1 ||     8
       Tomahawk          |       |       |       |     1 ||     1
Invok: Sacrifice Health  |       |       |       |     1 ||     1
 Abil: Evoke Berserk Rag |       |     1 |     1 |       ||     2
Evoke: Wand              |       |       |     7 |     2 ||     9
  Use: Scroll            |     4 |     9 |     6 |     4 ||    23
       Potion            |     1 |       |     3 |       ||     4
 Stab: Held in net/web   |       |       |     4 |     1 ||     5
  Eat: Chunk             |     3 |     9 |    17 |    12 ||    41
       Pizza             |       |     1 |       |     1 ||     2
